amateurhour, chaotic male human Monk -- . .. -- .- -.-- ---.---[..| --...--..d.... .-- ---.-.........--...| |..................-- | ....................| |.@h...G.......- -----------x.).........------- -- |......*.....%........................- |............@.........-- ---- |.... --....|.|.--.| ...... --...........---- -- ...-- |...........| .| ---.........| | --.|.|.---- ------ amateurhour the Novice Experience level: 5 Strength: 15 Dexterity: 14 Constitution: 15 Intelligence: 10 Wisdom: 12 Charisma: 9 Health: 0(56) Energy: 33(33) Def: 4 Gold: 109 Moves: 862 Dungeon seed: BHXpeCvPIw9aQvou Game ID: amateurhour_1627823494 Your Inventory: Coins $ - 109 gold pieces Weapons p - 11 uncursed +0 darts of detonation (in quiver) Armor e - an uncursed burnt +2 pair of leather gloves (being worn) m - a cursed +0 pair of iron shoes n - an uncursed burnt +1 robe (being worn) q - an uncursed very burnt +0 elven leather helm (being worn) v - an uncursed +0 pair of iron shoes y - an uncursed +0 dwarvish cloak z - an uncursed +0 pair of iron shoes Y - an uncursed +0 dwarvish cloak Comestibles f - 3 uncursed food rations g - 5 uncursed apples h - 5 uncursed oranges i - 4 uncursed fortune cookies Scrolls b - an uncursed scroll of remove curse Potions c - 2 blessed potions of healing u - an uncursed potion of healing Tools d - an uncursed skeleton key j - an uncursed oil lamp (0:1266) l - 2 uncursed tallow candles (0:200) o - an uncursed wax candle (0:400) w - an uncursed +0 pick-axe Gems r - 2 uncursed worthless pieces of green glass s - an uncursed amethyst stone t - an uncursed worthless piece of yellow glass N - an uncursed worthless piece of violet glass Spells and supernatural/magical abilities: Name Level Category Cost Memory h - healing 1 healing 8pw 99% W - pray for help -- divine ? -- Your skills at the end: Fighting Skills martial arts [Basic] wands [Basic] Weapon Skills Spellcasting Skills healing spells [Basic] Final Attributes: You were piously aligned. You were immune to sleep. You were poison resistant. You had woundedlegs. You saw invisible. You were stealthy. You were slow. Huan Ti was noncommittal. You are dead. Vanquished creatures: a dwarf lord a human zombie 2 gnome lords 3 dwarves a gas spore a brown mold a green mold 8 gnomes a jackal a goblin 2 grid bugs 4 lichens 2 newts 28 creatures vanquished. Voluntary challenges: You followed a strict vegan diet. You never hit with a wielded weapon. You were illiterate. You never genocided any monsters. You never polymorphed an object. You never changed form. You used no wishes. You never split a pudding. You never wrote Elbereth's name. You never violated your personal moral code. Dungeon overview: The Dungeons of Doom: levels 1 to 2 Level 1 an altar to Chih Sung-tzu a long staircase Level 2 an altar to Shan Lai Ching, a vault stairs to The Gnomish Mines The Gnomish Mines: levels 3 to 4 Level 3 stairs to The Dungeons of Doom Level 4 <- You were here History has recorded: On T:1 you entered the Dungeons of Doom to retrieve the Amulet of Yendor! On T:255 you reached level 2 of The Dungeons of Doom. On T:463 you advanced to experience level 2. On T:498 you reached level 1 of The Gnomish Mines. On T:537 you advanced to experience level 3. On T:591 you advanced to experience level 4. On T:849 you reached level 2 of The Gnomish Mines. On T:858 you advanced to experience level 5. Score breakdown: Gold: 109 ( 6944 points) Experience: 5 levels (11141 points) Exploration: 4 levels ( 8.33%) ( 7579 points) Discoveries: 6 items ( 2.11%) ( 4360 points) Valuables value: (no points given unless you survive) Artifact value: 0 ( 0 points) Variety of kills: 13 monsters ( 3.42%) ( 5548 points) Turncount: 862 turns ( 0 points) Survival: died (score multiplied by 80%) Total score: 28457 Latest messages: The invisible caemne zaps a wand of polymorph! The invisible xan buzzes! The invisible xan pricks your left leg! (2x) You miss the invisible xan. The invisible caemne zaps a forked wand! The invisible xan slows down abnormally. It must be a wand of slow monster. You feel abnormally slow. The invisible hell hound breathes fire! The blast of fire hits you! Your robe smoulders! The blast of fire bounces! (2x) The invisible hell hound breathes fire! The blast of fire hits you! Your leather hat smoulders further! The blast of fire bounces! (2x) The invisible caemne zaps a long wand! The wand hits the invisible xan! It must be a wand of striking. The wand hits you! You die... For some reason, you think that you can almost hear the Wizard laugh manically... Final status: Goodbye amateurhour the Monk, killed by an invisible priestess called "caemne"'s wand... You died in The Gnomish Mines on dungeon level 4 with 28457 points, and 109 pieces of gold, after 862 moves. You were level 5 with a maximum of 56 hit points when you died.